 Dungeon Crawl Stone Soup version 0.29-a0-841-g116ddc6ace (webtiles) character file.

Game seed: 15643568935478899321

8 mathmaestro the Grave Robber (level 2, 20/20 HPs)
             Began as a Demonspawn Necromancer on July 15, 2022.
             Quit the game on level 1 of the Dungeon.
             The game lasted 00:01:27 (151 turns).

mathmaestro the Grave Robber (DsNe)                  Turns: 151, Time: 00:01:27

Health: 20/20      AC:  2    Str:  8    XL:     2   Next: 0%
Magic:  1/5        EV: 12    Int: 16    God:
Gold:   9          SH:  0    Dex: 13    Spells: 4/5 levels left

rFire   . . .      SeeInvis .   (no weapon)
rCold   . . .      Faith    .   (no shield)
rNeg    . . .      Spirit   .   a - +0 robe
rPois   .          Reflect  .   (helmet restricted)
rElec   .          Harm     .   (no cloak)
rCorr   .          Rampage  .   (no gloves)
Will    .....                   (no boots)
Stlth   ++........              (no amulet)
HPRegen 0.06/turn               (no ring)
MPRegen 0.09/turn               (no ring)

@: no status effects
A: horns 1
a: no special abilities


You were on level 1 of the Dungeon.
You visited 1 branch of the dungeon, and saw 1 of its levels.

You collected 9 gold pieces.

Inventory:

Armour
 a - a +0 robe (worn)
 d - a +0 helmet
Jewellery
 c - a ring of ice
Potions
 b - a potion of magic


   Skills:
 + Level 0.3 Fighting
 + Level 0.3 Armour
 + Level 1.9 Dodging
 + Level 1.9 Stealth
 + Level 2.1 Spellcasting
 + Level 4.4 Necromancy


You had 4 spell levels left.
You knew the following spells:

 Your Spells              Type           Power      Damage    Failure   Level
a - Necrotise             Necr           64%        1d7       3%          1

Your spell library contained the following spells:

 Spells                   Type           Power      Damage    Failure   Level
 Vampiric Draining        Necr           16%        2d7       10%         3
 Animate Dead             Necr           16%        N/A       32%         4
 Agony                    Necr           16%        N/A       65%         5


Dungeon Overview and Level Annotations

Branches:
Dungeon (1/15)

Altars:

Shops:
D:1 (


Innate Abilities, Weirdness & Mutations

You have a pair of small horns on your head.


Message History

Your hobgoblin skeleton hits the bat.
The bat hits your hobgoblin skeleton. The bat hits your hobgoblin skeleton.
Your hobgoblin skeleton closely misses the bat.
Casting: Necrotise (safe; 3% risk of failure)
Confirm with . or Enter, or press ? or * to list all spells.
Aiming: Necrotise (safe; 3% risk of failure)
Press: ? - help, Shift-Dir - straight line, f - bat
Aim: a bat (heavily wounded, ally target, chance to affect: 85%)
The bat writhes in agony.
You kill the bat!
The dead are flying!
You swap places.
You start resting.
Your kobold skeleton crumbles into dust!
HP restored.
Your bat skeleton crumbles into dust!
Your hobgoblin skeleton crumbles into dust!
Magic restored.
A frilled lizard comes into view.
Casting: Necrotise (safe; 3% risk of failure)
Confirm with . or Enter, or press ? or * to list all spells.
Aiming: Necrotise (safe; 3% risk of failure)
Press: ? - help, Shift-Dir - straight line, f - frilled lizard
Aim: a frilled lizard (asleep, chance to affect: 85%)
The frilled lizard hisses angrily.
The frilled lizard writhes in agony.
Casting: Necrotise (safe; 3% risk of failure)
Confirm with . or Enter, or press ? or * to list all spells.
Aiming: Necrotise (safe; 3% risk of failure)
Press: ? - help, Shift-Dir - straight line, f/p - frilled lizard
Aim: a frilled lizard (heavily wounded, chance to affect: 85%)
The frilled lizard writhes in agony.
You kill the frilled lizard!
The dead are walking!
You have reached level 2!
Your demonic ancestry asserts itself...
A pair of horns grows on your head!
Your +0 helmet falls away!
Are you sure you want to abandon this character and quit the game? (Confirm with "yes".)

.....#..#.#
###..#..#.#
#...#..#.#
#.#.#..#.#
#......#.#
#...#.##
#...#.#
#...#.#
#...#@#
#......#
##.....Z.
...#######
####


You could see a friendly frilled lizard skeleton.

Vanquished Creatures
  A bat (D:1)
  An endoplasm (D:1)
  A hobgoblin (D:1)
  A kobold (D:1)
  A quokka (D:1)
  A frilled lizard (D:1)
  A rat (D:1)
7 creatures vanquished.

Notes
Turn   | Place    | Note
-------+----------+-------------------------------------------
     0 | D:1      | mathmaestro the Demonspawn Necromancer began the quest for
                  | the Orb.
     0 | D:1      | Reached XP level 1. HP: 13/13 MP: 3/3
     5 | D:1      | Found Buzestree's Weapon Boutique.
   151 | D:1      | Gained mutation: You have a pair of small horns on your
                  | head. [demonic ancestry]
   151 | D:1      | Reached XP level 2. HP: 20/20 MP: 1/5
   151 | D:1      | Quit the game

Illustrated notes

Levels and vault maps discovered:
D:1:      lightli_arrival_chessboard, layout_basic, serial_shops,
          nicolae_shop_behind_doors, nicolae_shop_trees, shop

Action                   || total
-------------------------++-------
Melee: Unarmed           ||     3
 Cast: Necrotise         ||     9
Dodge: Dodged            ||     7

Table legend: (Time is in decaauts)
 A = Elapsed time spent in this place.
 B = Non-inter-level travel time spent in this place.
 C = Inter-level travel time spent in this place.
 D = Time resting spent in this place.
 E = Time spent auto-exploring this place.
 F = Levels seen in this place.
 G = Mean time per level.
                   A        B        C        D        E       F      G
               +--------+--------+--------+--------+--------+-----+--------+
         Total |    151 |    151 |      0 |     17 |     71 |   1 |  151.0 |
       Dungeon |    151 |    151 |      0 |     17 |     71 |   1 |  151.0 |
               +--------+--------+--------+--------+--------+-----+--------+

Top non-repeatable levels by time:
     D:1: 151 daAuts
